 Dungeon Crawl Stone Soup version 0.29-a0-194-g6e3aafee17 (webtiles) character file.

Game seed: 4748762398302340942

4149 Iich the Basher (level 10, 0/86 HPs)
             Began as a Minotaur Berserker on Feb 22, 2022.
             Was an Elder of Trog.
             Shot with a bolt by a kobold (6 damage)
             ... on level 1 of the Abyss.
             The game lasted 00:14:26 (8272 turns).

Iich the Basher (Minotaur Berserker)                Turns: 8272, Time: 00:14:26

Health: 0/86       AC: 19    Str: 26    XL:     10   Next: 7%
Magic:  18/18      EV:  8    Int:  4    God:    Trog [****..]
Gold:   418        SH:  0    Dex: 10    Spells: 9/9 levels left

rFire   . . .      SeeInvis +   k - +7 mace "Zisaod" {venom, rElec MP+9 SInv Stlth-}
rCold   . . .      Faith    .   (no shield)
rNeg    . . .      Spirit   .   G - +0 plate armour
rPois   .          Reflect  .   (helmet restricted)
rElec   +          Harm     .   l - +1 cloak {Will+}
rCorr   .          Rampage  .   t - +0 pair of gloves
Will    +....                   p - +0 pair of boots
Stlth   ..........              (no amulet)
HPRegen 0.24/turn               (no ring)
MPRegen 0.16/turn               (no ring)

@: lethally poisoned (0 -> -4), on berserk cooldown, slowed, very slow
A: horns 2, retaliatory headbutt
a: Renounce Religion, Berserk, Trog's Hand, Brothers in Arms


You were on level 1 of the Abyss.
You worshipped Trog.
Trog was greatly pleased with you.
You visited 1 branch of the dungeon, and saw 7 of its levels.
You visited the Abyss 1 time.
You also visited: Sewer.

You collected 418 gold pieces.

Inventory:

Hand Weapons
 a - a +1 mace
 k - the +7 mace "Zisaod" (weapon) {venom, rElec MP+9 SInv Stlth-}
   (You found it on level 2 of the Dungeon)

   It poisons the flesh of those it strikes.
   rElec:     It insulates you from electricity.
   MP:        It affects your magic capacity (+9).
   SInv:      It lets you see invisible.
   Stlth:     It makes you less stealthy.
 m - a +3 spear
 z - a +3 halberd
 D - a +0 flail of holy wrath
 L - a +5 falchion
 O - the +5 spear of Xaciuka {speed, +Blink Will+}
   (You found it on level 7 of the Dungeon)

   Attacks with this weapon are significantly faster.
   +Blink:    It lets you blink.
   Will:      It increases your willpower.
Missiles
 x - 2 boomerangs (quivered)
 C - 4 datura-tipped darts
 J - 7 poisoned darts
Armour
 b - a +0 animal skin
 c - a +0 ring mail
 j - a +0 cloak
 l - a +1 cloak of willpower (worn)
 p - a +0 pair of boots (worn)
 t - a +0 pair of gloves (worn)
 u - a +0 chain mail
 G - a +0 plate armour (worn)
Jewellery
 r - a ring of poison resistance
Wands
 v - a wand of flame (12)
 N - a wand of acid (10)
Scrolls
 d - 3 scrolls of noise
 f - 4 scrolls of identify
 h - 4 scrolls of teleportation
 i - 6 scrolls of enchant weapon
 s - a scroll of fog
 w - a scroll of summoning
 y - a scroll of blinking
 A - a scroll of amnesia
 B - 2 scrolls of magic mapping {unknown}
 K - a scroll of immolation {unknown}
 M - a scroll of torment {unknown}
Potions
 e - a potion of brilliance {unknown}
 g - 2 potions of mutation {unknown}
 n - a potion of flight
 o - a potion of curing {unknown}
 q - a potion of haste
 E - 2 potions of heal wounds
 F - 2 potions of magic {unknown}
 H - a potion of might {unknown}
 I - a potion of resistance {unknown}


   Skills:
 + Level 7.3 Fighting
 * Level 13.6 Maces & Flails
 + Level 8.7 Armour
 + Level 4.2 Dodging
 + Level 0.2 Stealth


You had 9 spell levels left.
You didn't know any spells.
Your spell library was empty.

Dungeon Overview and Level Annotations

Branches:
Dungeon (7/15)             Temple (0/1) D:7           Sewer (visited)

Altars:
Elyvilon
Kikubaaqudgha
Makhleb
Qazlal
Sif Muna
Yredelemnul
Zin

Shops:
D:6 *

Portals:
Abyss: D:7

Annotations:
D:7 1 transporter


Innate Abilities, Weirdness & Mutations

You have a pair of horns on your head.
You reflexively headbutt those who attack you in melee.


Message History

You miss the kobold demonologist. You sock the kobold demonologist!
The kobold demonologist is poisoned.
You headbutt the kobold demonologist.
The kobold demonologist is moderately wounded.
The kobold brigand hits you but does no damage.
The kobold demonologist hits you but does no damage.
The kobold unwields a +0 whip.
The kobold wields a +0 hand crossbow.
The kobold shoots a bolt.
The bolt hits you but does no damage.
You sock the kobold demonologist!
The kobold demonologist looks as sick as possible!
The kobold demonologist is severely wounded.
You closely miss the kobold demonologist.
Your headbutt misses the kobold demonologist.
The kobold demonologist is severely wounded.
The kobold brigand hits you but does no damage.
The kobold demonologist hits you with a +0 dagger.
* * * LOW HITPOINT WARNING * * *
You hit the kobold demonologist.
The kobold demonologist looks as sick as possible!
The kobold demonologist is severely wounded.
You bludgeon the kobold demonologist!!
You kill the kobold demonologist!
That felt strangely unrewarding.
The shadow imp disappears in a puff of smoke! x2
The quasit disappears in a puff of smoke!
The kobold brigand barely misses you. The kobold barely misses you.
Things that are here:
a +0 dagger; a +0 robe; a kobold corpse You bludgeon the kobold!!
You kill the kobold!
That felt strangely unrewarding.
The kobold brigand throws a poisoned dart.
The poisoned dart hits you.
You are poisoned.
You are no longer berserk.
You are exhausted.
You feel yourself slow down.
You feel sick.
The kobold shoots a bolt.
The bolt hits you.
You die...

∩#. .#.#... . .
#.#.# #... .
#... ...## ##
..###.# ..# ..>
... #.##.# ...##
....#.KK##..#..#
......#)#.§# .##
.##..#)#.§.... #
.#.@§.##.#.
......#.§§....#
.......#......#
##.#... ....#..
# #.#. .>.## .
#.#. #.#. # #.
.#.. .. .# ..


You could see a kobold brigand and a kobold.

Vanquished Creatures
  The ghost of siradein the Summoner, a novice TeSu of Cheibriados (D:7)
  An ugly thing (D:7)
  2 kobold demonologists (Abyss:1)
  Sigmund (D:4)
  A water moccasin (D:7)
  2 orc warriors (D:7)
  Pargi (D:4)
  2 sky beasts
  An ice beast (D:7)
  2 black bears
  A necrophage (D:5)
  4 centaurs
  4 kobold brigands (Abyss:1)
  A phantom (D:4)
  Blork the orc (D:6)
  A bullfrog (D:7)
  A scorpion (D:7)
  A wyvern zombie (D:7)
  A water moccasin zombie (D:7)
  5 wights (D:6)
  A crimson imp (D:7)
  A bullfrog zombie (D:5)
  4 hounds
  2 jellies
  4 gnoll shamans
  An orc priest (D:4)
  2 small abominations (D:7)
  3 bullfrog skeletons
  Ijyb (D:4)
  3 iguanas
  2 orc wizards
  Natasha (thrice) (D:2)
  A killer bee zombie (D:7)
  A howler monkey zombie (D:4)
  11 gnolls
  7 adders
  3 howler monkey skeletons
  A river rat (D:6)
  2 white imps
  An adder skeleton (D:4)
  2 adder zombies (D:4)
  3 worms
  2 dart slugs
  16 orcs
  4 bats
  5 endoplasms
  10 giant cockroaches
  6 goblins
  4 hobgoblins
  2 jackals (D:1)
  19 kobolds
  3 quokkas (D:1)
  13 ball pythons
  4 frilled lizards
  A quokka zombie (D:4)
  8 rats
190 creatures vanquished.

Vanquished Creatures (others)
  A bush (D:7)
  9 plants
10 creatures vanquished.

Grand Total: 200 creatures vanquished

Notes
Turn   | Place    | Note
-------+----------+-------------------------------------------
     0 | D:1      | Iich the Minotaur Berserker began the quest for the Orb.
     0 | D:1      | Reached XP level 1. HP: 19/19 MP: 0/0
   253 | D:1      | Reached XP level 2. HP: 27/27 MP: 1/1
   284 | D:1      | Reached skill level 4 in Maces & Flails
   978 | D:2      | Noticed Natasha
   990 | D:2      | Killed Natasha
   991 | D:2      | Reached XP level 3. HP: 7/34 MP: 2/2
  1246 | D:2      | Found a shimmering blue altar of Sif Muna.
  1482 | D:2      | Identified the +7 mace "Zisaod" {venom, rElec MP+9 SInv
                  | Stlth-}
  1607 | D:2      | Reached XP level 4. HP: 40/41 MP: 3/3
  1779 | D:2      | Noticed Natasha
  1784 | D:2      | Killed Natasha
  1785 | D:2      | Reached skill level 5 in Maces & Flails
  2007 | D:2      | Reached ** piety under Trog
  2128 | D:2      | Noticed Natasha
  2133 | D:2      | Killed Natasha
  2134 | D:2      | Reached XP level 5. HP: 47/47 MP: 4/4
  2175 | D:3      | Found a faded altar of an unknown god.
  2543 | D:3      | Found an ancient bone altar of Kikubaaqudgha.
  2568 | D:3      | Reached skill level 6 in Maces & Flails
  2695 | D:3      | Found a burning altar of Makhleb.
  2911 | D:4      | Noticed a black bear
  2915 | D:4      | Killed a black bear
  2916 | D:4      | Reached XP level 6. HP: 45/53 MP: 5/5
  3048 | D:4      | Noticed Ijyb
  3048 | D:4      | Noticed Pargi
  3058 | D:4      | Killed Ijyb
  3073 | D:4      | Killed Pargi
  3074 | D:4      | Reached skill level 7 in Maces & Flails
  3135 | D:4      | Found a stormy altar of Qazlal.
  3292 | D:4      | Noticed Sigmund
  3305 | D:4      | Reached skill level 5 in Fighting
  3309 | D:4      | Killed Sigmund
  3310 | D:4      | Reached skill level 8 in Maces & Flails
  3310 | D:4      | Reached XP level 7. HP: 61/61 MP: 6/6
  3486 | D:4      | Found a basalt altar of Yredelemnul.
  3502 | D:4      | Reached *** piety under Trog
  3766 | D:5      | Entered Level 5 of the Dungeon
  3791 | D:5      | Reached skill level 5 in Armour
  4033 | D:5      | Found a white marble altar of Elyvilon.
  4129 | D:5      | Reached skill level 9 in Maces & Flails
  4192 | D:5      | Reached XP level 8. HP: 67/69 MP: 7/7
  4847 | D:6      | Reached skill level 10 in Maces & Flails
  5005 | D:6      | Noticed Blork the orc
  5010 | D:6      | Killed Blork the orc
  5090 | D:6      | Found a glowing drain.
  5094 | Sewer    | Entered a sewer
  5461 | Sewer    | Reached **** piety under Trog
  5748 | D:6      | Found a glowing silver altar of Zin.
  6158 | D:6      | Reached skill level 11 in Maces & Flails
  6323 | D:6      | Found Mawi's General Store.
  6523 | D:7      | Found a staircase to the Ecumenical Temple.
  6531 | D:7      | Reached XP level 9. HP: 56/75 MP: 8/8
  6907 | D:7      | Found a transporter.
  6942 | D:7      | Found a one-way gate to the infinite horrors of the Abyss.
  6942 | D:7      | Noticed siradein's ghost (novice TeSu)
  6960 | D:7      | Found a transporter.
  7072 | D:7      | Reached skill level 12 in Maces & Flails
  7458 | D:7      | HP: 3/78 [centaur/arrow (3)]
  7830 | D:7      | Noticed a red ugly thing
  7971 | D:7      | Identified the +5 spear of Xaciuka {speed, +Blink Will+}
  8056 | D:7      | Killed siradein's ghost
  8057 | D:7      | Reached skill level 13 in Maces & Flails
  8063 | D:7      | Killed a red ugly thing
  8064 | D:7      | Reached XP level 10. HP: 6/86 MP: 9/9
  8221 | D:7      | Voluntarily entered the Abyss.
  8256 | Abyss:1  | Noticed a sixfirhy
  8272 | Abyss:1  | Shot with a bolt by a kobold

Illustrated notes

Levels and vault maps discovered:
D:1:      scummos_arrival_hexagon, layout_loops_ring
D:2:      layout_loops_cross, basic_altar, serial_bayou_lake_a, uniq_natasha
D:3:      layout_basic, mainiacjoe_overflow_large_starburst,
          dreamdust_ecumenical_altar_statues
D:4:      layout_basic, overflow_temple_1_default,
          nicolae_yredelemnul_corpse_copse, minmay_misc_feat_doors,
          minmay_misc_feat_nine_boxes, uniq_ijyb, uniq_sigmund, uniq_pargi
D:5:      layout_basic, nicolae_elyvilon_peaceful_grove, grunt_decor_cap,
          nrook_pool_corridor
D:6:      layout_loops_corners, zin_scriptorium, gup_sewer_entry_spiral,
          serial_shops, shop, minivault_25, uniq_blork_the_orc
D:7:      layout_loops_ring, minmay_temple_entry_slanted,
          gammafunk_ghost_abyssal_escape, kb_lookout_dungeons_type,
          minmay_increasing_density
Abyss:1:  base:
D:5

Skill      XL: |  1  2  3  4  5  6  7  8  9 |
---------------+----------------------------+-----
Maces & Flails | 4 5 6 8 9 11 13 | 13.6
Fighting       | 4 5 6 7 |  7.3
Armour         | 3 4 5 7 8 |  8.7
Dodging        | 3 4 |  4.2
Stealth        | |  0.2

Action                   |  1- 3 |  4- 6 |  7- 9 | 10-12 || total
-------------------------+-------+-------+-------+-------++-------
Melee: Mace              |    58 |    98 |   278 |    25 ||   459
       Headbutt          |     9 |    11 |    56 |     4 ||    80
       Punch             |     1 |       |     1 |       ||     2
Throw: Boomerang         |       |       |       |     2 ||     2
Invok: Berserk           |       |     1 |     4 |     1 ||     6
  Use: Scroll            |       |     4 |     3 |       ||     7
       Potion            |       |     3 |     1 |     2 ||     6
Armor: Ring mail         |    23 |    31 |       |       ||    54
       Chain mail        |       |    30 |    95 |       ||   125
       Plate armour      |       |       |    92 |    15 ||   107
Dodge: Dodged            |    58 |    46 |   129 |     7 ||   240

Table legend: (Time is in decaauts)
 A = Elapsed time spent in this place.
 B = Non-inter-level travel time spent in this place.
 C = Inter-level travel time spent in this place.
 D = Time resting spent in this place.
 E = Time spent auto-exploring this place.
 F = Levels seen in this place.
 G = Mean time per level.
                   A        B        C        D        E       F      G
               +--------+--------+--------+--------+--------+-----+--------+
         Total |   8369 |   8188 |    181 |    332 |   5840 |   9 |  929.9 |
       Dungeon |   7751 |   7570 |    181 |     26 |   5737 |   7 | 1107.3 |
         Abyss |     39 |     39 |      0 |      0 |      0 |   1 |   39.0 |
         Sewer |    578 |    578 |      0 |    306 |    103 |   1 |  578.0 |
               +--------+--------+--------+--------+--------+-----+--------+

Top non-repeatable levels by time:
     D:7: 1703 daAuts
     D:2: 1251 daAuts
     D:6: 1151 daAuts
     D:5: 1077 daAuts
     D:1: 977 daAuts
     D:4: 907 daAuts
     D:3: 682 daAuts
   Sewer: 578 daAuts
 Abyss:1: 39 daAuts
